 Dungeon Crawl Stone Soup version 0.29.1-13-g9f3cf754e1 (webtiles) character file.

Game seed: 12704369596925837503

177 cdecastro the Firebug (level 5, -2/28 HPs)
             Began as a Deep Elf Fire Elementalist on Jan 29, 2023.
             Slain by Edmund
             ... wielding a +4 dire flail of protection
              (8 damage)
             ... on level 4 of the Dungeon.
             The game lasted 00:05:56 (2581 turns).

cdecastro the Firebug (Deep Elf Fire Elementalist)  Turns: 2581, Time: 00:05:56

Health: -2/28      AC:  2    Str:  7    XL:     5   Next: 30%
Magic:  9/11       EV: 12    Int: 20    God:
Gold:   148        SH:  0    Dex: 15    Spells: 0/10 levels left

rFire   . . .      SeeInvis .   i - +0 sling
rCold   . . .      Faith    .   (no shield)
rNeg    . . .      Spirit   .   a - +0 robe
rPois   .          Reflect  .   (no helmet)
rElec   .          Harm     .   (no cloak)
rCorr   .          Rampage  .   (no gloves)
Will    +....                   (no boots)
Stlth   ++........              (no amulet)
HPRegen 0.09/turn               n - ring of willpower
MPRegen 0.12/turn               (no ring)

@: no status effects
A: no striking features
a: no special abilities


You were on level 4 of the Dungeon.
You visited 1 branch of the dungeon, and saw 4 of its levels.

You collected 148 gold pieces.

Inventory:

Hand Weapons
 f - a +0 dagger
 i - a +0 sling (weapon)
Armour
 a - a +0 robe (worn)
Magical Staves
 e - a staff of earth
 r - a staff of cold
Jewellery
 n - a ring of willpower (left hand)
 q - a ring of ice
Wands
 p - a wand of iceblast (22)
Scrolls
 c - 2 scrolls of blinking {unknown}
 d - 3 scrolls of identify {unknown}
 g - 2 scrolls of butterflies {unknown}
 j - a scroll of amnesia {unknown}
 l - a scroll of brand weapon {unknown}
 m - a scroll of torment {unknown}
 s - a scroll of teleportation {unknown}
 t - a scroll of noise {unknown}
 u - 2 scrolls of vulnerability {unknown}
 v - a scroll of poison {unknown}
Potions
 h - a potion of berserk rage {unknown}
 k - a potion of brilliance {unknown}
 o - a potion of flight {unknown}
 w - a potion of curing {unknown}


   Skills:
 - Level 2.4 Dodging
 - Level 2.4 Stealth
 - Level 3.0 Spellcasting
 + Level 4.4 Conjurations
 - Level 5.0 Fire Magic


You couldn't memorise any spells.
You knew the following spells:

 Your Spells              Type           Power      Damage    Failure   Level
a - Foxfire               Conj/Fire      84%        2x1d8     1%          1
b - Scorch                Fire           46%        2d7       2%          2
c - Conjure Flame         Conj/Fire      21%        6-21      6%          3
d - Flame Wave            Conj/Fire      21%        2d8       21%         4

Your spell library contained the following spells:

 Spells                   Type           Power      Damage    Failure   Level
 Inner Flame              Hex/Fire       13%        N/A       16%         3
 Ozocubu's Armour         Ice            3%         N/A       38%         3
 Summon Guardian Golem    Hex/Summ       3%         N/A       38%         3
 Airstrike                Air            1%         2d(1-17)  80%         4
 Summon Lightning Spire   Summ/Air       3%         N/A       80%         4
 Lightning Bolt           Conj/Air       5%         1d17      85%         5
 Orb of Destruction       Conj           10%        9d6       100%        7
 Ozocubu's Refrigeration  Ice            1%         4d7       100%        7
 Spellforged Servitor     Conj/Summ      5%         N/A       100%        7


Dungeon Overview and Level Annotations

Branches:
Dungeon (4/15)
 Temple: D:4-7

Altars:

Annotations:
D:3 Grinder
D:4 Edmund


Message History

The quokka barely misses you.
Unknown command.
Casting: Scorch (safe; 2% risk of failure)
Confirm with . or Enter, or press ? or * to list all spells.
Flames lash the quokka.
You kill the quokka!
You hear a shout!
Unknown command.
Casting: Scorch (safe; 2% risk of failure)
Confirm with . or Enter, or press ? or * to list all spells.
Flames lash the endoplasm.
The endoplasm is burned terribly!
You kill the endoplasm!
The ogre hits you with a +0 giant club!!
Ouch! That really hurt!
* * * LOW HITPOINT WARNING * * *
Casting: Scorch (safe; 2% risk of failure)
Confirm with . or Enter, or press ? or * to list all spells.
Flames lash the ogre.
The ogre is moderately wounded.
The ogre's fire resistance burns away.
Unknown command.
Casting: Scorch (safe; 2% risk of failure)
Confirm with . or Enter, or press ? or * to list all spells.
Flames lash the ogre.
The ogre is burned terribly!
The ogre is severely wounded.
The ogre misses you.
Edmund the Younger comes into view.
He is wielding a +4 dire flail of protection, wearing a +1 ring mail of willpower and carrying a wand of flame (31).
Aiming: Iceblast
Press: ? - help, Shift-Dir - straight line The mass of ice explodes!
The iceblast engulfs Edmund!
Edmund is lightly wounded.
The ogre barely misses you. Magic courses through your body.
Casting: Scorch (safe; 2% risk of failure)
Confirm with . or Enter, or press ? or * to list all spells.
Flames lash Edmund.
Edmund is moderately wounded.
Edmund's fire resistance burns away.
The ogre barely misses you.
Edmund hits you with a +4 dire flail of protection!
You die...

.............######
...................
...................
..............#
....:.........#
..............# .
#######+#..##.#
.#########.#..##O#
.............<.#@#
....[....#.#...#@#
.................#
....................
.........#.#...#####
...$)##..#.#...#
.....+.......[.#
.....#...........
..####.#.#(#...###


You could see Edmund (combustible) and an ogre (combustible).

Vanquished Creatures
  A scorpion (D:3)
  Ijyb (D:3)
  Terence (D:2)
  An adder (D:2)
  2 worms (D:2)
  A dart slug (D:3)
  An orc (D:4)
  6 endoplasms
  3 giant cockroaches
  8 goblins
  4 hobgoblins
  2 jackals (D:2)
  2 kobolds
  4 quokkas
  4 ball pythons
  2 bats
  4 rats
47 creatures vanquished.

Vanquished Creatures (others)
  54 foxfires
54 creatures vanquished.

Grand Total: 101 creatures vanquished

Notes
Turn   | Place    | Note
-------+----------+-------------------------------------------
     0 | D:1      | cdecastro the Deep Elf Fire Elementalist began the quest
                  | for the Orb.
     0 | D:1      | Reached XP level 1. HP: 10/10 MP: 6/6
   334 | D:1      | Reached skill level 4 in Fire Magic
   334 | D:1      | Reached XP level 2. HP: 15/15 MP: 6/8
   635 | D:2      | Noticed Terence
   799 | D:2      | Learned a level 2 spell: Scorch
   905 | D:2      | Killed Terence
   906 | D:2      | Reached XP level 3. HP: 19/19 MP: 0/9
   997 | D:2      | Reached skill level 5 in Fire Magic
  1001 | D:2      | Learned a level 3 spell: Conjure Flame
  1155 | D:2      | Found a faded altar of an unknown god.
  1367 | D:2      | Reached XP level 4. HP: 20/24 MP: 5/10
  1937 | D:3      | Noticed Grinder
  2199 | D:3      | Noticed a scorpion
  2207 | D:3      | Killed a scorpion
  2208 | D:3      | Reached XP level 5. HP: 28/28 MP: 0/11
  2213 | D:3      | Learned a level 4 spell: Flame Wave
  2311 | D:3      | Noticed Ijyb
  2317 | D:3      | Killed Ijyb
  2562 | D:4      | Noticed an ogre
  2578 | D:4      | Noticed Edmund
  2581 | D:4      | Slain by Edmund

Illustrated notes

Levels and vault maps discovered:
D:1:      amcnicky_arrival_flooded_fountain, layout_basic, glass_columns_a,
          chequers_mini_garden
D:2:      layout_rooms, basic_ecumenical_altar, uniq_terence
D:3:      layout_loops_corners, nicolae_concentric_dashed_squares_wild,
          uniq_ijyb, uniq_grinder
D:4:      layout_basic, lemuel_tele_altar, gammafunk_ghost_cemetery,
          st_stairs_5, minivault_4, uniq_natasha, uniq_edmund, uniq_menkaure

Skill      XL: |  1  2  3  4 |
---------------+-------------+-----
Fire Magic     | 4 5 |  5.0
Conjurations   | 2 4 |  4.4
Dodging        | |  2.4
Stealth        | |  2.4
Spellcasting   | |  3.0

Action                   |  1- 3 |  4- 6 || total
-------------------------+-------+-------++-------
 Fire: Sling             |     2 |       ||     2
 Cast: Foxfire           |    33 |       ||    33
       Scorch            |    11 |    31 ||    42
Evoke: Wand              |       |     1 ||     1
  Use: Potion            |       |     1 ||     1
Armor: Robe              |     1 |     2 ||     3
Dodge: Dodged            |     3 |     9 ||    12
